Avalanche vs Red Wings
Created - March 21, 2023 at 20:47
Goals
|
| Avalanche |
0 |
1 |
0 |
1 |
| Red Wings |
1 |
1 |
1 |
3 |
|
Shots
|
| Avalanche |
7 |
14 |
12 |
33 |
| Red Wings |
12 |
22 |
10 |
44 |
|
1st period
1. Red Wings , Marko Dano 21 (Philip Samuelsson 17) at 5:11
Penalties :
Colten Teubert (Col) for Tripping (Minor) at 12:34, Colten Teubert (Col) for Boarding (Minor) at 17:06
2nd period
2. Avalanche , Mikkel Boedker 31 (Patric Hornqvist 27) at 0:06
3. Red Wings , Erik Gudbranson 10 (Marko Dano 30, Petr Mrazek) at 18:36 (PP)
Penalties :
Luke Witkowski (Col) for Slashing (Minor) at 5:49, Colten Teubert (Col) for Hooking (Minor) at 17:42
3rd period
4. Red Wings , Henrik Zetterberg 20 (Connor Brown 37, Nino Niederreiter 35) at 4:49
Penalties :
Cody Franson (Det) for Tripping (Minor) at 2:15, Henrik Zetterberg (Det) for Hooking (Minor) at 15:33, Cody Franson (Det) for Hooking (Minor) at 18:22
Goalie Stats
Semyon Varlamov (Col), 41 saves from 44 shots - (0.932), L, 18-15-2, 60:00 minutes
Petr Mrazek (Det), 32 saves from 33 shots - (0.970), W, 26-13-2, 60:00 minutes
Players Stats for Avalanche
Player Name G A P +/- PIM S H SB GA TA FO MP PP MP PK MP
------------------------------------------------------------------------------------
Bryan Little 0 0 0 1 0 3 1 1 1 1 15/27 24:18 3:00 4:14
Charlie Coyle 0 0 0 -1 0 5 2 0 1 1 6/13 17:36 2:35 2:13
Colten Teubert 0 0 0 -1 6 1 2 3 0 2 0/0 18:08 2:01 0:45
Daniel Carr 0 0 0 -1 0 0 0 0 0 0 0/0 11:06 0:00 0:23
Erik Karlsson 0 0 0 -1 0 3 0 1 0 1 0/0 20:27 2:01 3:16
Evgeny Dadonov 0 0 0 0 0 2 0 0 0 0 0/0 6:59 0:00 0:00
Jack Johnson 0 0 0 1 0 0 2 2 0 2 0/0 27:35 3:34 3:35
James Van Riemsdyk 0 0 0 -1 0 0 0 0 1 0 0/1 17:22 2:35 1:59
Joel Edmundson 0 0 0 -1 0 0 0 0 0 0 0/0 11:58 0:00 0:00
Kyle Turris 0 0 0 0 0 3 1 0 0 0 3/4 6:59 0:00 0:00
Luke Witkowski 0 0 0 -1 2 3 1 0 0 0 0/1 16:34 2:35 0:42
Marc Staal 0 0 0 1 0 3 0 1 0 2 0/0 27:35 3:34 3:35
Mattias Ekholm 0 0 0 -1 0 0 0 1 0 0 0/0 14:37 0:00 2:31
Mikkel Boedker 1 0 1 1 0 2 1 0 2 1 1/1 23:59 3:00 4:11
Patric Hornqvist 0 1 1 1 0 1 4 0 0 0 1/2 19:27 3:00 0:00
Pavel Buchnevich 0 0 0 -1 0 0 0 1 0 1 0/0 10:43 0:00 0:00
Tomas Tatar 0 0 0 0 0 5 1 0 0 0 0/0 6:59 0:00 0:00
Vincent Trocheck 0 0 0 -1 0 2 1 0 0 2 4/6 10:43 0:00 0:00
Players Stats for Red Wings
Player Name G A P +/- PIM S H SB GA TA FO MP PP MP PK MP
------------------------------------------------------------------------------------
Beau Bennett 0 0 0 0 0 6 1 0 1 0 0/0 8:19 0:00 0:00
Carson Mcmillan 0 0 0 0 0 2 0 2 1 0 0/0 12:40 0:03 2:33
Cody Franson 0 0 0 0 4 1 2 0 1 1 0/0 13:29 0:00 0:00
Connor Brown 0 1 1 1 0 3 1 0 0 0 0/0 18:11 3:44 0:00
David Rundblad 0 0 0 0 0 0 0 0 1 0 0/0 15:08 2:23 0:00
Drew Fata 0 0 0 0 0 0 1 0 0 1 0/0 21:42 0:00 1:53
Dylan Larkin 0 0 0 0 0 3 4 0 2 1 1/1 19:23 3:07 1:18
Erik Gudbranson 1 0 1 0 0 3 1 1 0 1 0/0 26:07 4:28 1:53
Henrik Zetterberg 1 0 1 1 2 4 1 0 0 0 7/18 18:08 3:41 0:00
Jamie Arniel 0 0 0 0 0 3 1 0 1 0 3/7 16:04 4:28 1:17
Marko Dano 1 1 2 0 0 4 0 1 1 0 1/1 19:36 3:07 1:45
Michael Haley 0 0 0 0 0 1 1 0 0 0 0/0 9:36 0:00 1:17
Nino Niederreiter 0 1 1 1 0 5 2 0 2 0 1/1 18:08 3:41 0:00
Philip Samuelsson 0 1 1 1 0 2 0 1 0 0 0/0 20:36 2:23 3:42
Ryan O'Byrne 0 0 0 1 0 3 1 2 0 0 0/0 18:13 0:00 3:42
Ryan O'Reilly 0 0 0 0 0 1 0 0 0 0 10/20 17:50 3:07 0:00
Sergei Kostitsyn 0 0 0 0 0 2 2 0 2 1 0/1 9:53 0:03 0:00
T.J. Hensick 0 0 0 0 0 1 0 1 1 0 2/6 11:19 0:00 3:00
3 Stars
1 - Petr Mrazek (Det)
2 - Marko Dano (Det)
3 - Erik Gudbranson (Det)
Power Play
Avalanche - 0 on 3 Attempt(s) - 0.00%
Red Wings - 1 on 4 Attempt(s) - 25.00%
Penalty Kill
Avalanche - 3 on 4 Attempt(s) - 75.00%
- Score 0 goal in Penalty Kill
Red Wings - 3 on 3 Attempt(s) - 100.00%
- Score 0 goal in Penalty Kill
Team Stat
Avalanche - Hits : 16 - Faceoff Wins : 30 - Blocked Shots : 10 - Penalty Minutes : 8
Red Wings - Hits : 18 - Faceoff Wins : 25 - Blocked Shots : 8 - Penalty Minutes : 6
Official
Referees : Dan Kelly and Ghislain Hebert
Linesman : Tony Sericolo and Travis Gawryletz
Game Notes
No Game Note
Finance
Level 1 -- Attendance: 5752 (95.87%) -- Ticket Income $575,200
Level 2 -- Attendance: 5000 (100.00%) -- Ticket Income $300,000
Level 3 -- Attendance: 2000 (100.00%) -- Ticket Income $70,000
Level 4 -- Attendance: 3802 (95.05%) -- Ticket Income $95,050
Luxury Box -- Attendance: 929 (92.90%) -- Ticket Income $185,800
Game was played at the Little Caesars arena.
Total Attendance: 17483 (97.13%)
Total Ticket Income: $1,226,050
Other Income: $183,908
Total Income: $1,409,958
Avalanche
5 vs 5 Forward
Center Left Wing Right Wing Time % Phy DF OF
1 Bryan Little Mikkel Boedker Patric Hornqvist 40 1 2 2
2 Charlie Coyle James Van Riemsdyk Luke Witkowski 30 1 2 2
3 Vincent Trocheck Daniel Carr Pavel Buchnevich 20 1 2 2
4 Kyle Turris Tomas Tatar Evgeny Dadonov 10 1 2 2
5 vs 5 Defense
Defense Defense Time % Phy DF OF
1 Jack Johnson Marc Staal 40 1 2 2
2 Erik Karlsson Colten Teubert 30 1 2 2
3 Mattias Ekholm Joel Edmundson 20 1 2 2
4 Jack Johnson Marc Staal 10 1 2 2
PowerPlay Forward
Center Left Wing Right Wing Time % Phy DF OF
1 Bryan Little Mikkel Boedker Patric Hornqvist 60 1 2 2
2 Charlie Coyle James Van Riemsdyk Luke Witkowski 40 1 2 2
PowerPlay Defense
Defense Defense Time % Phy DF OF
1 Jack Johnson Marc Staal 60 1 2 2
2 Erik Karlsson Colten Teubert 40 1 2 2
Penalty Kill 4 Players Forward
Center Wing Time % Phy DF OF
1 Bryan Little Mikkel Boedker 60 1 2 2
2 Charlie Coyle James Van Riemsdyk 40 1 2 2
Penalty Kill 4 Players Defense
Defense Defense Time % Phy DF OF
1 Jack Johnson Marc Staal 60 1 2 2
2 Erik Karlsson Colten Teubert 40 1 2 2
Penalty Kill - 3 Players Forward
Forward Time % Phy DF OF
1 Bryan Little 60 1 2 2
2 Charlie Coyle 40 1 2 2
Penalty Kill - 3 Players Defense
Defense Defense Time % Phy DF OF
1 Jack Johnson Marc Staal 60 1 2 2
2 Erik Karlsson Colten Teubert 40 1 2 2
4 vs 4 Forward
Center Wing Time % Phy DF OF
1 Bryan Little Mikkel Boedker 60 1 2 2
2 Charlie Coyle James Van Riemsdyk 40 1 2 2
4 vs 4 Defense
Defense Defense Time % Phy DF OF
1 Jack Johnson Marc Staal 60 1 2 2
2 Erik Karlsson Colten Teubert 40 1 2 2
Last Minutes Offensive
Center Left Wing Right Wing Defense Defense
Bryan Little Mikkel Boedker Patric Hornqvist Jack Johnson Marc Staal
Last Minutes Defensive
Center Left Wing Right Wing Defense Defense
Bryan Little Mikkel Boedker Patric Hornqvist Jack Johnson Marc Staal
Goaltenders
Starting : Semyon Varlamov
Backup : Marek Mazanek
Extra Forwards
Normal : Luke Witkowski, Pavel Buchnevich, Vincent Trocheck - PP : Luke Witkowski, Pavel Buchnevich - PK : Luke Witkowski
Extra Defensemen
Normal : Colten Teubert, Mattias Ekholm, Joel Edmundson - PP : Colten Teubert - PK : Colten Teubert, Mattias Ekholm
Penalty Shots
Mikkel Boedker, Patric Hornqvist, Bryan Little, Charlie Coyle, Luke Witkowski
Scratches
Jarred Tinordi (Healthy), Stefan Elliott (Healthy)
Red Wings
5 vs 5 Forward
Center Left Wing Right Wing Time % Phy DF OF
1 Henrik Zetterberg Nino Niederreiter Connor Brown 35 1 2 2
2 Ryan O'Reilly Marko Dano Dylan Larkin 35 1 2 2
3 Jamie Arniel Sergei Kostitsyn Carson Mcmillan 20 1 2 2
4 T.J. Hensick Michael Haley Beau Bennett 10 1 2 2
5 vs 5 Defense
Defense Defense Time % Phy DF OF
1 Erik Gudbranson Drew Fata 40 0 2 3
2 Philip Samuelsson Ryan O'Byrne 30 1 2 2
3 David Rundblad Cody Franson 20 1 2 2
4 David Rundblad Cody Franson 10 1 2 2
PowerPlay Forward
Center Left Wing Right Wing Time % Phy DF OF
1 Henrik Zetterberg Nino Niederreiter Connor Brown 60 1 0 4
2 Ryan O'Reilly Marko Dano Dylan Larkin 40 1 0 4
PowerPlay Defense
Defense Defense Time % Phy DF OF
1 Jamie Arniel Erik Gudbranson 60 0 1 4
2 Philip Samuelsson David Rundblad 40 0 1 4
Penalty Kill 4 Players Forward
Center Wing Time % Phy DF OF
1 T.J. Hensick Carson Mcmillan 60 1 2 2
2 Jamie Arniel Michael Haley 40 1 2 2
Penalty Kill 4 Players Defense
Defense Defense Time % Phy DF OF
1 Erik Gudbranson Drew Fata 60 1 2 2
2 Ryan O'Byrne Philip Samuelsson 40 1 2 2
Penalty Kill - 3 Players Forward
Forward Time % Phy DF OF
1 Carson Mcmillan 60 1 2 2
2 Michael Haley 40 1 2 2
Penalty Kill - 3 Players Defense
Defense Defense Time % Phy DF OF
1 Drew Fata Erik Gudbranson 60 1 2 2
2 Philip Samuelsson Ryan O'Byrne 40 1 2 2
4 vs 4 Forward
Center Wing Time % Phy DF OF
1 Connor Brown Nino Niederreiter 60 1 2 2
2 Ryan O'Reilly Marko Dano 40 1 2 2
4 vs 4 Defense
Defense Defense Time % Phy DF OF
1 Erik Gudbranson Philip Samuelsson 60 1 2 2
2 Drew Fata Cody Franson 40 1 2 2
Last Minutes Offensive
Center Left Wing Right Wing Defense Defense
Henrik Zetterberg Nino Niederreiter Connor Brown Erik Gudbranson Philip Samuelsson
Last Minutes Defensive
Center Left Wing Right Wing Defense Defense
T.J. Hensick Michael Haley Carson Mcmillan Drew Fata Erik Gudbranson
Goaltenders
Starting : Petr Mrazek
Backup : Mike McKenna
Extra Forwards
Normal : Carson Mcmillan, Dylan Larkin, T.J. Hensick - PP : Carson Mcmillan, Sergei Kostitsyn - PK : T.J. Hensick
Extra Defensemen
Normal : Erik Gudbranson, Cody Franson, Philip Samuelsson - PP : Drew Fata - PK : Cody Franson, Drew Fata
Penalty Shots
Connor Brown, Dylan Larkin, Nino Niederreiter, Marko Dano, Henrik Zetterberg
Scratches
Tomas Kundratek (Healthy)
% Time on Ice - Avalanche
Lines # - Real PCT - Wanted PCT - Time Play
Normal Forward
1 - 36% - 40% - 17:04
2 - 27% - 30% - 12:48
3 - 23% - 20% - 10:43
4 - 15% - 10% - 6:59
Normal Defense
1 - 38% - 40% - 18:17
2 - 32% - 30% - 15:10
3 - 25% - 20% - 11:58
4 - 5% - 10% - 2:09
PP Forward
1 - 54% - 60% - 3:00
2 - 46% - 40% - 2:35
PP Defense
1 - 64% - 60% - 3:34
2 - 36% - 40% - 2:01
PK Forward
1 - 71% - 60% - 4:52
2 - 29% - 40% - 1:59
PK Defense
1 - 52% - 60% - 3:35
2 - 48% - 40% - 3:16
PK3 Forward
1 - 0% - 60%
2 - 0% - 40%
PK3 Defense
1 - 0% - 60%
2 - 0% - 40%
44 Forward
1 - 0% - 60%
2 - 0% - 40%
44 Defense
1 - 0% - 60%
2 - 0% - 40%
Last Minute Offensive - 0:00
Last Minute Defensive - 0:00
Total
Forward - 60:00
Defense - 60:00
|
% Time on Ice - Red Wings
Lines # - Real PCT - Wanted PCT - Time Play
Normal Forward
1 - 31% - 35% - 14:42
2 - 31% - 35% - 14:43
3 - 21% - 20% - 9:50
4 - 17% - 10% - 8:19
Normal Defense
1 - 43% - 40% - 20:18
2 - 31% - 30% - 14:31
3 - 19% - 20% - 9:16
4 - 7% - 10% - 3:29
PP Forward
1 - 55% - 60% - 3:44
2 - 45% - 40% - 3:07
PP Defense
1 - 65% - 60% - 4:28
2 - 35% - 40% - 2:23
PK Forward
1 - 77% - 60% - 4:18
2 - 23% - 40% - 1:17
PK Defense
1 - 34% - 60% - 1:53
2 - 66% - 40% - 3:42
PK3 Forward
1 - 0% - 60%
2 - 0% - 40%
PK3 Defense
1 - 0% - 60%
2 - 0% - 40%
44 Forward
1 - 0% - 60%
2 - 0% - 40%
44 Defense
1 - 0% - 60%
2 - 0% - 40%
Last Minute Offensive - 0:00
Last Minute Defensive - 0:00
Total
Forward - 60:00
Defense - 60:00
|
Play-by-Play
1st period
0:01 of 1st period - Bryan Little wins face-off versus Henrik Zetterberg in neutral zone.
0:22 of 1st period - Drew Fata is hit by Mikkel Boedker and loses puck.
0:55 of 1st period - Wrist shot by Connor Brown.
0:55 of 1st period - Stopped by Semyon Varlamov with a rebound.
0:57 of 1st period - Snap shot by Connor Brown.
0:57 of 1st period - Shot Blocked by Jack Johnson.
0:59 of 1st period - Snap shot by Nino Niederreiter.
0:59 of 1st period - Shot Misses the Net.
1:20 of 1st period - Wrist shot by Nino Niederreiter.
1:20 of 1st period - Stopped by Semyon Varlamov with a rebound.
1:22 of 1st period - Snap shot by Connor Brown.
1:22 of 1st period - Shot Misses the Net.
1:28 of 1st period - Wrist shot by Connor Brown.
1:28 of 1st period - Stopped by Semyon Varlamov with a rebound.
1:58 of 1st period - Wrist shot by Connor Brown.
1:58 of 1st period - Shot Misses the Net.
2:00 of 1st period - Slapshot by Erik Gudbranson.
2:00 of 1st period - Stopped by Semyon Varlamov with a rebound.
2:02 of 1st period - Slapshot by Henrik Zetterberg.
2:02 of 1st period - Shot Misses the Net.
2:04 of 1st period - Slapshot by Nino Niederreiter.
2:04 of 1st period - Shot Misses the Net.
2:06 of 1st period - Snap shot by Erik Gudbranson.
2:06 of 1st period - Shot Blocked by Bryan Little.
3:15 of 1st period - Wrist shot by Henrik Zetterberg.
3:15 of 1st period - Stopped by Semyon Varlamov without a rebound.
3:16 of 1st period - Ryan O'Reilly wins face-off versus Charlie Coyle in Avalanche zone.
3:39 of 1st period - Colten Teubert is hit by Dylan Larkin and loses puck.
4:02 of 1st period - Slapshot by Erik Karlsson.
4:02 of 1st period - Stopped by Petr Mrazek with a rebound.
5:09 of 1st period - Snap shot by Marko Dano.
5:09 of 1st period - Shot Blocked by Colten Teubert.
5:11 of 1st period - Slapshot by Philip Samuelsson.
5:11 of 1st period - Deflect By Marko Dano.
5:11 of 1st period - Goal by Marko Dano - Avalanche : 0 - Red Wings : 1.
5:12 of 1st period - Vincent Trocheck wins face-off versus Sergei Kostitsyn in neutral zone.
5:14 of 1st period - Off-side.
5:15 of 1st period - Jamie Arniel wins face-off versus Vincent Trocheck in neutral zone.
5:42 of 1st period - Wrist shot by Beau Bennett.
5:42 of 1st period - Shot Misses the Net.
5:44 of 1st period - Wrist shot by Michael Haley.
5:44 of 1st period - Shot Misses the Net.
5:46 of 1st period - Wrist shot by Beau Bennett.
5:46 of 1st period - Stopped by Semyon Varlamov with a rebound.
5:48 of 1st period - Slapshot by David Rundblad.
5:48 of 1st period - Shot Blocked by Mattias Ekholm.
6:42 of 1st period - Kyle Turris is hit by Michael Haley and loses puck.
7:28 of 1st period - Evgeny Dadonov is hit by Beau Bennett.
8:41 of 1st period - Icing by Drew Fata.
8:42 of 1st period - Ryan O'Reilly wins face-off versus Kyle Turris in Red Wings zone.
8:55 of 1st period - Snap shot by T.J. Hensick.
8:55 of 1st period - Shot Misses the Net.
9:59 of 1st period - Wrist shot by Beau Bennett.
9:59 of 1st period - Stopped by Semyon Varlamov with a rebound.
10:01 of 1st period - Wrist shot by Michael Haley.
10:01 of 1st period - Shot Hit the Post.
10:19 of 1st period - Backhand shot by Luke Witkowski.
10:19 of 1st period - Stopped by Petr Mrazek with a rebound.
10:21 of 1st period - Snap shot by Charlie Coyle.
10:21 of 1st period - Shot Misses the Net.
10:33 of 1st period - Slapshot by Kyle Turris.
10:33 of 1st period - Shot Misses the Net.
10:35 of 1st period - Snap shot by Kyle Turris.
10:35 of 1st period - Stopped by Petr Mrazek with a rebound.
10:37 of 1st period - Wrist shot by Tomas Tatar.
10:37 of 1st period - Stopped by Petr Mrazek with a rebound.
11:39 of 1st period - Wrist shot by Beau Bennett.
11:39 of 1st period - Stopped by Semyon Varlamov without a rebound.
11:40 of 1st period - Ryan O'Reilly wins face-off versus Vincent Trocheck in Avalanche zone.
11:41 of 1st period - Wrist shot by Marko Dano.
11:41 of 1st period - Shot Misses the Net.
11:55 of 1st period - Wrist shot by Vincent Trocheck.
11:55 of 1st period - Stopped by Petr Mrazek without a rebound.
11:56 of 1st period - Bryan Little wins face-off versus Jamie Arniel in Red Wings zone.
11:57 of 1st period - Snap shot by Mikkel Boedker.
11:57 of 1st period - Stopped by Petr Mrazek with a rebound.
12:34 of 1st period - Minor Penalty to Colten Teubert for Tripping.
12:35 of 1st period - Bryan Little wins face-off versus Henrik Zetterberg in Avalanche zone.
12:35 of 1st period - Bryan Little is hit by Jamie Arniel.
13:11 of 1st period - Off-side.
13:12 of 1st period - Charlie Coyle wins face-off versus Henrik Zetterberg in neutral zone.
13:35 of 1st period - Mikkel Boedker is hit by Nino Niederreiter and loses puck.
13:46 of 1st period - Slapshot by Nino Niederreiter.
13:46 of 1st period - Stopped by Semyon Varlamov without a rebound.
13:47 of 1st period - Ryan O'Reilly wins face-off versus James Van Riemsdyk in Avalanche zone.
13:54 of 1st period - Snap shot by Dylan Larkin.
13:54 of 1st period - Stopped by Semyon Varlamov with a rebound.
13:56 of 1st period - Slapshot by Marko Dano.
13:56 of 1st period - Stopped by Semyon Varlamov with a rebound.
14:34 of 1st period - Penalty to Colten Teubert is over, Colten Teubert is back on ice.
15:17 of 1st period - Snap shot by James Van Riemsdyk.
15:17 of 1st period - Shot Misses the Net.
16:55 of 1st period - Mikkel Boedker is hit by Erik Gudbranson.
17:06 of 1st period - Minor Penalty to Colten Teubert for Boarding.
17:07 of 1st period - Henrik Zetterberg wins face-off versus Bryan Little in Avalanche zone.
19:06 of 1st period - Penalty to Colten Teubert is over, Colten Teubert is back on ice.
19:14 of 1st period - Wrist shot by Beau Bennett.
19:14 of 1st period - Shot Misses the Net.
19:21 of 1st period - Off-side.
19:22 of 1st period - Vincent Trocheck wins face-off versus Jamie Arniel in neutral zone.
19:24 of 1st period - Colten Teubert is hit by Sergei Kostitsyn and loses puck.
19:59 of 1st period - Snap shot by Tomas Tatar.
19:59 of 1st period - Stopped by Petr Mrazek without a rebound.
Goals for this period are 0 for Avalanche vs 1 for Red Wings.
Shots for this period are 7 for Avalanche vs 12 for Red Wings.
2nd period
0:01 of 2nd period - Patric Hornqvist wins face-off versus Ryan O'Reilly in neutral zone.
0:06 of 2nd period - Snap shot by Mikkel Boedker.
0:06 of 2nd period - Goal by Mikkel Boedker - Avalanche : 1 - Red Wings : 1.
0:07 of 2nd period - Ryan O'Reilly wins face-off versus Bryan Little in neutral zone.
0:40 of 2nd period - Wrist shot by James Van Riemsdyk.
0:40 of 2nd period - Deflect By Luke Witkowski.
0:40 of 2nd period - Stopped by Petr Mrazek with a rebound.
0:42 of 2nd period - Wrist shot by Charlie Coyle.
0:42 of 2nd period - Stopped by Petr Mrazek with a rebound.
0:44 of 2nd period - Wrist shot by Charlie Coyle.
0:44 of 2nd period - Stopped by Petr Mrazek with a rebound.
0:46 of 2nd period - Slapshot by Jack Johnson.
0:46 of 2nd period - Shot Misses the Net.
1:22 of 2nd period - Snap shot by Tomas Tatar.
1:22 of 2nd period - Stopped by Petr Mrazek with a rebound.
1:24 of 2nd period - Slapshot by Mattias Ekholm.
1:24 of 2nd period - Deflect By Evgeny Dadonov.
1:24 of 2nd period - Shot Blocked by Erik Gudbranson.
1:24 of 2nd period - Puck is out of play.
1:25 of 2nd period - Bryan Little wins face-off versus Ryan O'Reilly in Red Wings zone.
1:49 of 2nd period - Icing by Erik Karlsson.
1:50 of 2nd period - Henrik Zetterberg wins face-off versus Bryan Little in Avalanche zone.
1:51 of 2nd period - Snap shot by Nino Niederreiter.
1:51 of 2nd period - Stopped by Semyon Varlamov without a rebound.
1:52 of 2nd period - Bryan Little wins face-off versus Henrik Zetterberg in Avalanche zone.
2:09 of 2nd period - Wrist shot by Bryan Little.
2:09 of 2nd period - Shot Misses the Net.
2:44 of 2nd period - Wrist shot by Marko Dano.
2:44 of 2nd period - Stopped by Semyon Varlamov with a rebound.
2:50 of 2nd period - Wrist shot by Carson Mcmillan.
2:50 of 2nd period - Stopped by Semyon Varlamov with a rebound.
3:06 of 2nd period - Wrist shot by Evgeny Dadonov.
3:06 of 2nd period - Shot Misses the Net.
3:08 of 2nd period - Slapshot by Erik Karlsson.
3:08 of 2nd period - Stopped by Petr Mrazek with a rebound.
3:10 of 2nd period - Wrist shot by Tomas Tatar.
3:10 of 2nd period - Stopped by Petr Mrazek without a rebound.
3:11 of 2nd period - Kyle Turris wins face-off versus Ryan O'Reilly in Red Wings zone.
3:26 of 2nd period - Snap shot by Kyle Turris.
3:26 of 2nd period - Shot Misses the Net.
4:04 of 2nd period - Snap shot by T.J. Hensick.
4:04 of 2nd period - Stopped by Semyon Varlamov with a rebound.
4:36 of 2nd period - Snap shot by Vincent Trocheck.
4:36 of 2nd period - Stopped by Petr Mrazek with a rebound.
4:46 of 2nd period - Erik Gudbranson is hit by Kyle Turris and loses puck.
5:16 of 2nd period - Off-side.
5:17 of 2nd period - Jamie Arniel wins face-off versus Bryan Little in neutral zone.
5:17 of 2nd period - Jamie Arniel is hit by Bryan Little.
5:33 of 2nd period - Snap shot by Sergei Kostitsyn.
5:33 of 2nd period - Stopped by Semyon Varlamov with a rebound.
5:35 of 2nd period - Slapshot by Philip Samuelsson.
5:35 of 2nd period - Stopped by Semyon Varlamov without a rebound.
5:36 of 2nd period - Dylan Larkin wins face-off versus Charlie Coyle in Avalanche zone.
5:47 of 2nd period - Wrist shot by Ryan O'Reilly.
5:47 of 2nd period - Shot Misses the Net.
5:49 of 2nd period - Minor Penalty to Luke Witkowski for Slashing.
5:50 of 2nd period - Nino Niederreiter wins face-off versus Bryan Little in Avalanche zone.
6:01 of 2nd period - Slapshot by Erik Gudbranson.
6:01 of 2nd period - Stopped by Semyon Varlamov with a rebound.
6:03 of 2nd period - Slapshot by Erik Gudbranson.
6:03 of 2nd period - Shot Blocked by Marc Staal.
6:05 of 2nd period - Slapshot by Henrik Zetterberg.
6:05 of 2nd period - Stopped by Semyon Varlamov without a rebound.
6:06 of 2nd period - Bryan Little wins face-off versus Henrik Zetterberg in Avalanche zone.
7:21 of 2nd period - Colten Teubert is hit by Dylan Larkin and loses puck.
7:49 of 2nd period - Penalty to Luke Witkowski is over, Luke Witkowski is back on ice.
7:58 of 2nd period - Snap shot by T.J. Hensick.
7:58 of 2nd period - Shot Misses the Net.
8:00 of 2nd period - Snap shot by Beau Bennett.
8:00 of 2nd period - Stopped by Semyon Varlamov with a rebound.
8:02 of 2nd period - Snap shot by Ryan O'Byrne.
8:02 of 2nd period - Stopped by Semyon Varlamov without a rebound.
8:03 of 2nd period - Vincent Trocheck wins face-off versus T.J. Hensick in Avalanche zone.
8:03 of 2nd period - Vincent Trocheck is hit by Ryan O'Byrne.
9:15 of 2nd period - Off-side.
9:16 of 2nd period - Bryan Little wins face-off versus Ryan O'Reilly in neutral zone.
9:19 of 2nd period - Marko Dano is hit by Jack Johnson and loses puck.
10:10 of 2nd period - Slapshot by Evgeny Dadonov.
10:10 of 2nd period - Shot Misses the Net.
10:12 of 2nd period - Snap shot by Tomas Tatar.
10:12 of 2nd period - Deflect By Evgeny Dadonov.
10:12 of 2nd period - Shot Misses the Net.
10:12 of 2nd period - Puck is out of play.
10:13 of 2nd period - Mikkel Boedker wins face-off versus Ryan O'Reilly in Red Wings zone.
10:51 of 2nd period - Wrist shot by Tomas Tatar.
10:51 of 2nd period - Shot Misses the Net.
10:53 of 2nd period - Snap shot by Tomas Tatar.
10:53 of 2nd period - Stopped by Petr Mrazek with a rebound.
11:27 of 2nd period - Wrist shot by Vincent Trocheck.
11:27 of 2nd period - Shot Misses the Net.
11:29 of 2nd period - Slapshot by Marc Staal.
11:29 of 2nd period - Stopped by Petr Mrazek without a rebound.
11:30 of 2nd period - Henrik Zetterberg wins face-off versus Bryan Little in Red Wings zone.
11:49 of 2nd period - Snap shot by Henrik Zetterberg.
11:49 of 2nd period - Deflect By Patric Hornqvist.
11:49 of 2nd period - Stopped by Semyon Varlamov without a rebound.
11:50 of 2nd period - Jamie Arniel wins face-off versus Charlie Coyle in Avalanche zone.
11:51 of 2nd period - Snap shot by Carson Mcmillan.
11:51 of 2nd period - Shot Misses the Net.
12:17 of 2nd period - Patric Hornqvist is hit by Nino Niederreiter and loses puck.
12:26 of 2nd period - Slapshot by Jack Johnson.
12:26 of 2nd period - Shot Misses the Net.
12:28 of 2nd period - Slapshot by Jack Johnson.
12:28 of 2nd period - Deflect By Patric Hornqvist.
12:28 of 2nd period - Stopped by Petr Mrazek without a rebound.
12:29 of 2nd period - Charlie Coyle wins face-off versus Ryan O'Reilly in Red Wings zone.
12:34 of 2nd period - Wrist shot by Charlie Coyle.
12:34 of 2nd period - Stopped by Petr Mrazek without a rebound.
12:35 of 2nd period - Ryan O'Reilly wins face-off versus Charlie Coyle in Red Wings zone.
13:24 of 2nd period - Colten Teubert is hit by Cody Franson.
13:36 of 2nd period - Slapshot by Cody Franson.
13:36 of 2nd period - Stopped by Semyon Varlamov without a rebound.
13:37 of 2nd period - Henrik Zetterberg wins face-off versus Charlie Coyle in Avalanche zone.
13:54 of 2nd period - Henrik Zetterberg is hit by Charlie Coyle and loses puck.
14:09 of 2nd period - Snap shot by Marko Dano.
14:09 of 2nd period - Shot Misses the Net.
14:11 of 2nd period - Snap shot by Dylan Larkin.
14:11 of 2nd period - Stopped by Semyon Varlamov with a rebound.
14:13 of 2nd period - Snap shot by Ryan O'Reilly.
14:13 of 2nd period - Stopped by Semyon Varlamov with a rebound.
14:59 of 2nd period - Slapshot by Erik Gudbranson.
14:59 of 2nd period - Deflect By Michael Haley.
14:59 of 2nd period - Stopped by Semyon Varlamov with a rebound.
15:01 of 2nd period - Wrist shot by Beau Bennett.
15:01 of 2nd period - Stopped by Semyon Varlamov without a rebound.
15:02 of 2nd period - Ryan O'Reilly wins face-off versus Luke Witkowski in Avalanche zone.
15:59 of 2nd period - Wrist shot by Connor Brown.
15:59 of 2nd period - Shot Blocked by Pavel Buchnevich.
16:01 of 2nd period - Snap shot by Connor Brown.
16:01 of 2nd period - Shot Misses the Net.
16:56 of 2nd period - Wrist shot by Bryan Little.
16:56 of 2nd period - Shot Misses the Net.
16:58 of 2nd period - Slapshot by Marc Staal.
16:58 of 2nd period - Shot Blocked by Carson Mcmillan.
17:00 of 2nd period - Slapshot by Marc Staal.
17:00 of 2nd period - Deflect By Carson Mcmillan.
17:00 of 2nd period - Stopped by Petr Mrazek with a rebound.
17:02 of 2nd period - Slapshot by Bryan Little.
17:02 of 2nd period - Shot Blocked by Ryan O'Byrne.
17:04 of 2nd period - Snap shot by Bryan Little.
17:04 of 2nd period - Shot Blocked by Ryan O'Byrne.
17:06 of 2nd period - Slapshot by Patric Hornqvist.
17:06 of 2nd period - Shot Blocked by Carson Mcmillan.
17:08 of 2nd period - Slapshot by Bryan Little.
17:08 of 2nd period - Shot Misses the Net.
17:20 of 2nd period - Snap shot by Nino Niederreiter.
17:20 of 2nd period - Deflect By Connor Brown.
17:20 of 2nd period - Stopped by Semyon Varlamov with a rebound.
17:22 of 2nd period - Wrist shot by Ryan O'Byrne.
17:22 of 2nd period - Stopped by Semyon Varlamov with a rebound.
17:24 of 2nd period - Slapshot by Philip Samuelsson.
17:24 of 2nd period - Stopped by Semyon Varlamov without a rebound.
17:25 of 2nd period - Charlie Coyle wins face-off versus Henrik Zetterberg in Avalanche zone.
17:40 of 2nd period - Snap shot by Henrik Zetterberg.
17:40 of 2nd period - Shot Hit the Post.
17:42 of 2nd period - Minor Penalty to Colten Teubert for Hooking.
17:43 of 2nd period - Bryan Little wins face-off versus Henrik Zetterberg in Avalanche zone.
17:43 of 2nd period - Bryan Little is hit by Connor Brown.
18:15 of 2nd period - Wrist shot by Charlie Coyle.
18:15 of 2nd period - Stopped by Petr Mrazek with a rebound.
18:36 of 2nd period - Slapshot by Erik Gudbranson.
18:36 of 2nd period - Goal by Erik Gudbranson - Avalanche : 1 - Red Wings : 2.
18:37 of 2nd period - Bryan Little wins face-off versus Henrik Zetterberg in neutral zone.
19:04 of 2nd period - Jack Johnson is hit by Dylan Larkin and loses puck.
19:27 of 2nd period - Slapshot by Carson Mcmillan.
19:27 of 2nd period - Shot Blocked by Colten Teubert.
19:29 of 2nd period - Wrist shot by Sergei Kostitsyn.
19:29 of 2nd period - Shot Misses the Net.
19:31 of 2nd period - Snap shot by Jamie Arniel.
19:31 of 2nd period - Stopped by Semyon Varlamov with a rebound.
19:33 of 2nd period - Snap shot by Jamie Arniel.
19:33 of 2nd period - Shot Blocked by Erik Karlsson.
19:35 of 2nd period - Snap shot by Jamie Arniel.
19:35 of 2nd period - Shot Misses the Net.
19:37 of 2nd period - Snap shot by Jamie Arniel.
19:37 of 2nd period - Shot Misses the Net.
19:39 of 2nd period - Wrist shot by Sergei Kostitsyn.
19:39 of 2nd period - Stopped by Semyon Varlamov without a rebound.
19:40 of 2nd period - Bryan Little wins face-off versus Henrik Zetterberg in Avalanche zone.
Goals for this period are 1 for Avalanche vs 1 for Red Wings.
Shots for this period are 14 for Avalanche vs 22 for Red Wings.
3rd period
0:01 of 3rd period - Ryan O'Reilly wins face-off versus Bryan Little in neutral zone.
0:18 of 3rd period - Erik Gudbranson is hit by Patric Hornqvist and loses puck.
1:09 of 3rd period - Erik Gudbranson is hit by Patric Hornqvist and loses puck.
1:23 of 3rd period - Icing by Drew Fata.
1:24 of 3rd period - Kyle Turris wins face-off versus Jamie Arniel in Red Wings zone.
1:51 of 3rd period - Drew Fata is hit by Patric Hornqvist and loses puck.
2:15 of 3rd period - Minor Penalty to Cody Franson for Tripping.
2:16 of 3rd period - T.J. Hensick wins face-off versus Patric Hornqvist in Red Wings zone.
2:49 of 3rd period - Icing by Charlie Coyle.
2:50 of 3rd period - Charlie Coyle wins face-off versus T.J. Hensick in Avalanche zone.
3:01 of 3rd period - Snap shot by Luke Witkowski.
3:01 of 3rd period - Shot Blocked by T.J. Hensick.
3:03 of 3rd period - Slapshot by Erik Karlsson.
3:03 of 3rd period - Stopped by Petr Mrazek with a rebound.
3:25 of 3rd period - Snap shot by Mikkel Boedker.
3:25 of 3rd period - Shot Misses the Net.
3:27 of 3rd period - Slapshot by Colten Teubert.
3:27 of 3rd period - Shot Blocked by Philip Samuelsson.
4:15 of 3rd period - Penalty to Cody Franson is over, Cody Franson is back on ice.
4:33 of 3rd period - Off-side.
4:34 of 3rd period - Vincent Trocheck wins face-off versus Henrik Zetterberg in neutral zone.
4:47 of 3rd period - Snap shot by Connor Brown.
4:47 of 3rd period - Shot Misses the Net.
4:49 of 3rd period - Wrist shot by Henrik Zetterberg.
4:49 of 3rd period - Goal by Henrik Zetterberg - Avalanche : 1 - Red Wings : 3.
4:50 of 3rd period - Ryan O'Reilly wins face-off versus Bryan Little in neutral zone.
5:01 of 3rd period - Snap shot by Dylan Larkin.
5:01 of 3rd period - Stopped by Semyon Varlamov without a rebound.
5:02 of 3rd period - Bryan Little wins face-off versus Ryan O'Reilly in Avalanche zone.
5:26 of 3rd period - Icing by Jack Johnson.
5:27 of 3rd period - Henrik Zetterberg wins face-off versus Charlie Coyle in Avalanche zone.
5:54 of 3rd period - Erik Karlsson is hit by Drew Fata and loses puck.
6:38 of 3rd period - Wrist shot by Carson Mcmillan.
6:38 of 3rd period - Stopped by Semyon Varlamov without a rebound.
6:39 of 3rd period - Kyle Turris wins face-off versus T.J. Hensick in Avalanche zone.
6:52 of 3rd period - Wrist shot by Evgeny Dadonov.
6:52 of 3rd period - Stopped by Petr Mrazek with a rebound.
6:54 of 3rd period - Wrist shot by Kyle Turris.
6:54 of 3rd period - Stopped by Petr Mrazek with a rebound.
6:56 of 3rd period - Wrist shot by Kyle Turris.
6:56 of 3rd period - Shot Misses the Net.
6:58 of 3rd period - Snap shot by Evgeny Dadonov.
6:58 of 3rd period - Stopped by Petr Mrazek with a rebound.
7:00 of 3rd period - Slapshot by Kyle Turris.
7:00 of 3rd period - Stopped by Petr Mrazek with a rebound.
7:02 of 3rd period - Slapshot by Erik Karlsson.
7:02 of 3rd period - Shot Misses the Net.
7:04 of 3rd period - Slapshot by Colten Teubert.
7:04 of 3rd period - Shot Misses the Net.
7:06 of 3rd period - Snap shot by Colten Teubert.
7:06 of 3rd period - Stopped by Petr Mrazek without a rebound.
7:07 of 3rd period - Ryan O'Reilly wins face-off versus Bryan Little in Red Wings zone.
7:34 of 3rd period - Luke Witkowski is hit by Henrik Zetterberg and loses puck.
7:41 of 3rd period - Wrist shot by Nino Niederreiter.
7:41 of 3rd period - Stopped by Semyon Varlamov with a rebound.
7:43 of 3rd period - Wrist shot by Nino Niederreiter.
7:43 of 3rd period - Shot Blocked by Jack Johnson.
8:58 of 3rd period - Charlie Coyle is hit by Cody Franson and loses puck.
9:31 of 3rd period - Slapshot by Vincent Trocheck.
9:31 of 3rd period - Shot Hit the Post.
10:01 of 3rd period - Beau Bennett is hit by Patric Hornqvist and loses puck.
10:10 of 3rd period - Snap shot by Beau Bennett.
10:10 of 3rd period - Stopped by Semyon Varlamov with a rebound.
10:23 of 3rd period - Off-side.
10:24 of 3rd period - Marko Dano wins face-off versus Charlie Coyle in neutral zone.
10:36 of 3rd period - Snap shot by Charlie Coyle.
10:36 of 3rd period - Shot Misses the Net.
10:38 of 3rd period - Slapshot by Charlie Coyle.
10:38 of 3rd period - Stopped by Petr Mrazek without a rebound.
10:39 of 3rd period - Bryan Little wins face-off versus Henrik Zetterberg in Red Wings zone.
10:44 of 3rd period - Snap shot by Mikkel Boedker.
10:44 of 3rd period - Deflect By Bryan Little.
10:44 of 3rd period - Stopped by Petr Mrazek with a rebound.
10:54 of 3rd period - Snap shot by Nino Niederreiter.
10:54 of 3rd period - Stopped by Semyon Varlamov with a rebound.
10:56 of 3rd period - Slapshot by Ryan O'Byrne.
10:56 of 3rd period - Stopped by Semyon Varlamov without a rebound.
10:57 of 3rd period - Charlie Coyle wins face-off versus Ryan O'Reilly in Avalanche zone.
11:12 of 3rd period - Jack Johnson is hit by Dylan Larkin and loses puck.
11:29 of 3rd period - Carson Mcmillan is hit by Jack Johnson and loses puck.
11:46 of 3rd period - Snap shot by Bryan Little.
11:46 of 3rd period - Stopped by Petr Mrazek with a rebound.
11:48 of 3rd period - Slapshot by Marc Staal.
11:48 of 3rd period - Stopped by Petr Mrazek without a rebound.
11:49 of 3rd period - Henrik Zetterberg wins face-off versus Bryan Little in Red Wings zone.
11:56 of 3rd period - Snap shot by Nino Niederreiter.
11:56 of 3rd period - Shot Blocked by Colten Teubert.
12:24 of 3rd period - Off-side.
12:25 of 3rd period - Bryan Little wins face-off versus Ryan O'Reilly in neutral zone.
12:36 of 3rd period - Wrist shot by Bryan Little.
12:36 of 3rd period - Shot Blocked by Marko Dano.
12:52 of 3rd period - Wrist shot by Jamie Arniel.
12:52 of 3rd period - Stopped by Semyon Varlamov without a rebound.
12:53 of 3rd period - Charlie Coyle wins face-off versus Jamie Arniel in Avalanche zone.
12:53 of 3rd period - Charlie Coyle is hit by Sergei Kostitsyn.
14:06 of 3rd period - Wrist shot by Bryan Little.
14:06 of 3rd period - Stopped by Petr Mrazek with a rebound.
14:32 of 3rd period - Snap shot by Marko Dano.
14:32 of 3rd period - Stopped by Semyon Varlamov without a rebound.
14:33 of 3rd period - Bryan Little wins face-off versus Ryan O'Reilly in Avalanche zone.
15:29 of 3rd period - Backhand shot by Luke Witkowski.
15:29 of 3rd period - Stopped by Petr Mrazek without a rebound.
15:30 of 3rd period - Henrik Zetterberg wins face-off versus Bryan Little in Red Wings zone.
15:30 of 3rd period - Henrik Zetterberg is hit by Colten Teubert.
15:33 of 3rd period - Minor Penalty to Henrik Zetterberg for Hooking.
15:34 of 3rd period - Bryan Little wins face-off versus T.J. Hensick in Red Wings zone.
17:26 of 3rd period - Philip Samuelsson is hit by Charlie Coyle and loses puck.
17:33 of 3rd period - Penalty to Henrik Zetterberg is over, Henrik Zetterberg is back on ice.
17:48 of 3rd period - Henrik Zetterberg is hit by Tomas Tatar.
18:02 of 3rd period - Marko Dano is hit by Vincent Trocheck and loses puck.
18:15 of 3rd period - Cody Franson is hit by Colten Teubert and loses puck.
18:22 of 3rd period - Minor Penalty to Cody Franson for Hooking.
18:23 of 3rd period - T.J. Hensick wins face-off versus Bryan Little in Red Wings zone.
18:50 of 3rd period - Carson Mcmillan is hit by Luke Witkowski.
19:58 of 3rd period - Wrist shot by Jamie Arniel.
19:58 of 3rd period - Stopped by Semyon Varlamov with a rebound.
Goals for this period are 0 for Avalanche vs 1 for Red Wings.
Shots for this period are 12 for Avalanche vs 10 for Red Wings.